 Dungeon Crawl Stone Soup version 0.29.1-15-g9cfb28693d (webtiles) character file.

Game seed: 17798259159786704835

114 nightchill the Trooper (level 4, -1/30 HPs)
             Began as a Gargoyle Fighter on Mar 17, 2023.
             Slain by Grinder (4 damage)
             ... on level 3 of the Dungeon.
             The game lasted 00:06:58 (4223 turns).

nightchill the Trooper (Gargoyle Fighter)           Turns: 4223, Time: 00:06:58

Health: -1/30      AC: 12    Str: 19    XL:     4   Next: 98%
Magic:  4/4        EV:  9    Int: 11    God:
Gold:   43         SH:  4    Dex:  9    Spells: 3/3 levels left

rFire   . . .      SeeInvis .   a - +0 flail
rCold   . . .      Faith    .   c - +0 buckler
rNeg    + . .      Spirit   .   b - +0 scale mail
rPois   ∞          Reflect  .   n - +1 helmet
rElec   +          Harm     .   (no cloak)
rCorr   .          Rampage  .   (no gloves)
Will    .....                   (no boots)
Stlth   ..........              (no amulet)
HPRegen 0.10/turn               j - ring of wizardry
MPRegen 0.09/turn               (no ring)

@: no status effects
A: sickness immunity, AC +3, negative energy resistance 1, electricity
resistance, torment resistance 1, petrification resistance
a: no special abilities


You were on level 3 of the Dungeon.
You visited 1 branch of the dungeon, and saw 3 of its levels.

You collected 43 gold pieces.

Inventory:

Hand Weapons
 a - a +0 flail (weapon)
 k - a +2 whip of pain
 m - a +2 dagger of freezing
Armour
 b - a +0 scale mail (worn)
 c - a +0 buckler (worn)
 n - a +1 helmet (worn)
 o - an orb of wrath {maybe}
Jewellery
 j - a ring of wizardry (left hand)
Scrolls
 e - 4 scrolls of identify {unknown}
 f - 2 scrolls of immolation {unknown}
 g - a scroll of torment {unknown}
 h - a scroll of blinking {unknown}
 i - a scroll of amnesia {unknown}
Potions
 l - a potion of ambrosia {unknown}


   Skills:
 + Level 4.3 Fighting
 * Level 4.2 Maces & Flails
 - Level 3.2 Armour
 - Level 3.2 Shields


You had 3 spell levels left.
You didn't know any spells.
Your spell library was empty.

Dungeon Overview and Level Annotations

Branches:
Dungeon (3/15)

Altars:
Wu Jian

Annotations:
D:2 exclusion: 2 downstairs
D:3 Grinder, Sigmund


Innate Abilities, Weirdness & Mutations

You are immune to sickness and miasma.
Your stone body is resilient. (AC +3)
You are immune to poison.
You resist negative energy. (rN+)
You are resistant to electric shocks. (rElec)
You are resistant to unholy torment.
You are immune to petrification.


Message History

You barely miss Grinder.
Grinder is severely wounded.
Grinder says, "There's only one good use for a tongue: cutting it out."
Grinder hits you but does no damage.
You closely miss Grinder.
Grinder is severely wounded.
Grinder hits you.
You are too injured to fight recklessly!
You are too injured to fight recklessly!
You are too injured to fight recklessly!
You completely miss Grinder.
Grinder is severely wounded.
Grinder hits you.
* * * LOW HITPOINT WARNING * * *
You writhe in agony.
* * * LOW HITPOINT WARNING * * *
You closely miss Grinder.
Grinder is severely wounded.
Grinder gestures at you. Pain shoots through your body!
* * * LOW HITPOINT WARNING * * *
Grinder barely misses you.
You hit Grinder.
Grinder is severely wounded.
Grinder hits you but does no damage.
You sock Grinder!
Grinder is almost dead.
Grinder barely misses you.
You hit Grinder.
Grinder is almost dead.
Grinder zaps a wand.
The puff of flame hits you but does no damage.
You completely miss Grinder.
Grinder is almost dead.
Grinder hits you.
* * * LOW HITPOINT WARNING * * *
You hit Grinder.
Grinder is almost dead.
Grinder hits you.
You die...

#########
#........ ♣♣
#........
PP########........
........##........
~P......#.........
♣♣.......@5.......
.........<........
.............#.##.
........#.##......
........#.####....
........!.........
.............#...!
................ .
.................


You could see Grinder.

Vanquished Creatures
  Robin (D:2)
  2 adders (D:2)
  A worm (D:2)
  3 dart slugs
  6 endoplasms (D:1)
  13 goblins
  10 hobgoblins
  5 jackals (D:2)
  A quokka (D:1)
  2 ball pythons (D:1)
  4 bats
  4 frilled lizards
  12 kobolds
  4 rats
68 creatures vanquished.

Notes
Turn   | Place    | Note
-------+----------+-------------------------------------------
     0 | D:1      | nightchill the Gargoyle Fighter began the quest for the
                  | Orb.
     0 | D:1      | Reached XP level 1. HP: 14/14 MP: 1/1
    81 | D:1      | Reached XP level 2. HP: 15/19 MP: 2/2
   741 | D:1      | Reached XP level 3. HP: 24/24 MP: 3/3
  1236 | D:2      | Found an ornate altar of the Wu Jian Council.
  2211 | D:2      | Reached XP level 4. HP: 26/29 MP: 4/4
  2874 | D:3      | Noticed Robin
  3394 | D:3      | Noticed an ice beast
  3471 | D:3      | Noticed Grinder
  3477 | D:3      | Noticed Sigmund
  3798 | D:2      | Killed Robin
  3954 | D:3      | Paralysed by Grinder for 3 turns
  4209 | D:3      | Paralysed by Grinder for 5 turns
  4223 | D:3      | Slain by Grinder

Illustrated notes

Levels and vault maps discovered:
D:1:      minmay_arrival_glassed_features, layout_basic
D:2:      layout_basic, basic_altar
D:3:      layout_rooms, tso_altar, serial_bayou_crossing, uniq_grinder,
          uniq_robin, uniq_terence, uniq_sigmund

Skill      XL: |  1  2  3  4 |
---------------+-------------+-----
Maces & Flails | 3 4 |  4.2
Fighting       | 4 |  4.3
Armour         | |  3.2
Shields        | |  3.2

Action                   |  1- 3 |  4- 6 || total
-------------------------+-------+-------++-------
Melee: Flail             |   135 |   147 ||   282
  Use: Potion            |       |     1 ||     1
Armor: Scale mail        |    66 |    92 ||   158
Dodge: Dodged            |    65 |   106 ||   171
Block: Buckler           |    28 |    25 ||    53
